 Dungeon Crawl Stone Soup version 0.19-a0-475-gfca3800 (webtiles) character file.

11906 namelastname112 the Merchant of Misery (level 11, -6/92 HPs)
             Began as a Red Draconian Necromancer on June 4, 2016.
             Was a Believer of Kikubaaqudgha.
             Mangled by a large slime creature (39 damage)
             ... on level 13 of the Dungeon.
             The game lasted 00:27:40 (12658 turns).

namelastname112 the Merchant of Misery (DrNe)      Turns: 12658, Time: 00:27:41

Health: -6/92      AC: 10    Str: 11    XL:     11   Next: 55%
Magic:  10/20      EV: 17    Int: 20    God:    Kikubaaqudgha [**....]
Gold:   881        SH:  0    Dex: 19    Spells: 6 memorised, 9 levels left

rFire  + . .     SeeInvis .     r - +4 rapier "Tosticisy" {pierce, Int+2 Stlth+}
rCold  . . .     Gourm    .     (armour unavailable)
rNeg   . . .     Faith    .     (no shield)
rPois  .         Spirit   .     (helmet restricted)
rElec  .         Dismiss  .     p - +0 cloak
rCorr  .         Reflect  .     (no gloves)
SustAt .         Harm     .     t - +1 pair of boots
MR     +....                    Q - amulet of regeneration
Stlth  +++.......               E - +5 ring of dexterity
                                F - ring of protection from magic

@: manticore barbs, regenerating, somewhat resistant to hostile enchantments,
fairly stealthy
A: breathe fire, unfitting armour, clever 1, fire resistance 1, cold-blooded, AC
+7
a: Breathe Fire, Receive Corpses, Renounce Religion


You were on level 13 of the Dungeon.
You worshipped Kikubaaqudgha.
Kikubaaqudgha was pleased with you.
You were not hungry.

You visited 2 branches of the dungeon, and saw 14 of its levels.
You also visited: Ossuary.

You collected 881 gold pieces.

Inventory:

Hand Weapons
 r - the +4 rapier "Tosticisy" (weapon) {pierce, Int+2 Stlth+}
   (You acquired it on level 10 of the Dungeon)

   It inflicts extra damage upon your enemies.
   It affects your intelligence (+2).
   It makes you more stealthy.
 w - a +0 blowgun
Missiles
 x - 9 curare-tipped needles
Armour
 p - a +0 cloak (worn)
 t - a +1 pair of boots (worn)
 N - a +0 buckler
Jewellery
 y - an uncursed ring of resist corrosion
 E - a +5 ring of dexterity (right hand)
 F - a ring of protection from magic (left hand)
 H - an uncursed ring of protection from magic
 Q - an amulet of regeneration (around neck)
Wands
 n - a wand of flame (40/48)
 P - a wand of polymorph (9/24)
 S - a wand of random effects (19/48)
 W - a wand of flame (26/48)
Scrolls
 e - 9 scrolls of remove curse
 h - 2 scrolls of recharging
 j - a scroll of amnesia
 l - 3 scrolls of teleportation
 m - 2 scrolls of fog
 o - 9 scrolls of identify
 v - 3 scrolls of blinking
 C - a scroll of enchant armour
 U - a scroll of enchant weapon
 V - 2 scrolls of magic mapping
Potions
 c - 9 potions of curing
 f - a potion of magic
 g - 4 potions of agility
 i - 2 potions of might
 k - a potion of ambrosia
 s - 3 potions of haste
 u - 5 potions of flight
 z - a potion of lignification
 A - 3 potions of heal wounds
 I - a potion of berserk rage
 J - a potion of cure mutation
Books
 a - a book of Necromancy

   Spells                             Type                      Level
   a - Pain                           Necromancy                   1
   b - Animate Skeleton               Necromancy                   1
   c - Vampiric Draining              Necromancy                   3
   d - Regeneration                   Charms/Necromancy            3
   e - Animate Dead                   Necromancy                   4
   f - Control Undead                 Necromancy                   4
 L - Kikubaaqudgha's Almanac of Sinister Magic
   (Kikubaaqudgha gifted it to you on level 10 of the Dungeon)

   Spells                             Type                      Level
   a - Pain                           Necromancy                   1
   b - Corpse Rot                     Necromancy                   2
   c - Sublimation of Blood           Necromancy                   2
   d - Regeneration                   Charms/Necromancy            3
   e - Control Undead                 Necromancy                   4
Miscellaneous
 G - a lamp of fire
 T - a phial of floods
Comestibles
 b - 8 bread rations
 B - 3 slices of pizza
 D - 2 beef jerkies
 K - 3 meat rations
 M - a chunk of flesh


   Skills:
 + Level 7.5 Fighting
 * Level 9.7 Short Blades
 + Level 6.9 Dodging
 - Level 1.7 Stealth
 + Level 6.6 Spellcasting
 * Level 10.9 Necromancy


You had 9 spell levels left.
You knew the following spells:

 Your Spells              Type           Power        Failure   Level  Hunger
a - Animate Skeleton      Necr           N/A          1%          1    None
b - Animate Dead          Necr           N/A          1%          4    ###....
c - Sublimation of Blood  Necr           ######....   1%          2    None
d - Regeneration          Chrm/Necr      ####......   3%          3    #......
s - Vampiric Draining     Necr           ######....   1%          3    #......
z - Pain                  Necr           ####         1%          1    None


Dungeon Overview and Level Annotations

Branches:
Dungeon (13/15)            Temple (1/1) D:7            Lair (0/8) D:11
    Orc (0/2) D:9
 Vaults: D:13-14

Altars:
Ashenzari
Cheibriados
Dithmenos
Elyvilon
Fedhas
Gozag
Hepliaklqana
Kikubaaqudgha
Makhleb
Pakellas
Qazlal
Ru
Sif Muna
Trog
Uskayaw
Vehumet
Xom
Yredelemnul
Zin
The Shining One

Shops:
D:5 =   D:8 =   D:9 ([

Annotations:
D:8 Pikel; Zebura's ghost, novice DsAs


Innate Abilities, Weirdness & Mutations

You can breathe blasts of fire.
Your fiery red scales are hard. (AC +7)
Your body does not fit into most forms of armour.
Your flesh is heat resistant. (rF+)
You are cold-blooded and may be slowed by cold attacks.
Your mind is acute. (Int +2)


Message History

The large slime creature is moderately wounded.
You hit the large slime creature.
Your tail-slap misses the large slime creature.
The large slime creature is heavily wounded.
The large slime creature barely misses you.
You barely miss the large slime creature.
The large slime creature is heavily wounded.
The large slime creature misses you.
You regained 2 hp, and now have 59/92 hp.
You hit the large slime creature.
The large slime creature is heavily wounded.
You hit the large slime creature.
The large slime creature is heavily wounded.
The large slime creature hits you!!
You take 28 damage, and have 32/92 hp.
MASSIVE DAMAGE!!
You puncture the large slime creature!
The large slime creature is heavily wounded.
The large slime creature hits you!!!
You die...
Kikubaaqudgha rasps: "You have failed me!
Welcome... death!"

.........
.......
..... ?>.
#J# #H#
#T# #J#
#@# #.#
#.# #.#
#.# #.#
#.# #<#
###


You could see 2 large slime creatures, a manticore and a troll.

Vanquished Creatures
  2 hydras
  An unseen horror (D:8)
  2 hill giants
  A deep elf mage (D:12)
  A cyclops (D:11)
  A gargoyle (D:12)
  2 trolls (D:12)
  A blink frog (D:11)
  2 shadows
  4 yaks (D:10)
  2 hippogriffs
  2 hungry ghosts
  Edmund (D:5)
  A water moccasin (D:7)
  4 orc warriors
  2 ice beasts
  2 sky beasts
  2 phantoms
  9 ogres
  A necrophage (D:8)
  2 centaurs
  A crocodile (D:10)
  2 big kobolds
  7 giant frogs
  2 wyvern zombies (Ossuary)
  4 killer bees (D:12)
  4 howler monkeys
  A crimson imp (D:9)
  6 giant frog zombies
  A quasit (D:9)
  2 centaur zombies
  6 orc priests
  3 jellies
  2 giant frog skeletons
  6 orc wizards
  4 iguanas
  9 worker ants
  A killer bee zombie (D:8)
  4 hound zombies
  3 hound skeletons
  15 mummies
  Robin (D:2)
  A worker ant zombie (Ossuary)
  6 gnolls
  10 adders
  A shadow imp (D:5)
  An ooze (D:1)
  5 adder zombies
  An adder skeleton (D:4)
  3 worms
  3 dart slugs
  2 giant geckos
  29 orcs
  2 ball pythons (D:3)
  9 bats
  2 giant cockroaches
  9 goblins
  6 hobgoblins
  11 jackals
  15 kobolds
  6 quokkas
  6 giant newts
  A jackal zombie (D:5)
  A quokka zombie (Ossuary)
  8 rats
267 creatures vanquished.

Vanquished Creatures (collateral kills)
  A hill giant (D:11)
  A centaur zombie (D:10)
  A two-headed ogre (D:11)
  3 yaks (D:11)
  An ogre (D:10)
  A necrophage (D:10)
  An orc warrior (D:12)
  A giant frog (D:11)
  A howler monkey (D:10)
  A crimson imp (D:10)
  A hound (D:11)
  2 orc wizards
  2 orc priests (D:11)
  A giant frog skeleton (D:11)
  A gnoll (D:11)
  An adder (D:2)
  A shadow imp (D:10)
  An adder skeleton (D:4)
  3 orcs (D:11)
  A giant newt (D:2)
  2 kobolds (D:9)
28 creatures vanquished.

Vanquished Creatures (others)
  A manticore (D:5)
  A giant gecko (D:3)
  3 withered plants (Ossuary)
5 creatures vanquished.

Grand Total: 300 creatures vanquished

Notes
Turn   | Place    | Note
--------------------------------------------------------------
     0 | D:1      | namelastname112 the Draconian Necromancer began the quest for the Orb.
     0 | D:1      | Reached XP level 1. HP: 14/14 MP: 3/3
    65 | D:1      | Learned a level 1 spell: Animate Skeleton
   212 | D:1      | crauler: Решил взять то, что работает?
   214 | D:1      | Reached skill level 1 in Fighting
   214 | D:1      | Reached XP level 2. HP: 16/23 MP: 0/5
   307 | D:1      | namelastname112: хуй знает
   307 | D:1      | namelastname112: чет не играется мне сегодня
   942 | D:2      | Found an opulent altar of Gozag.
  1072 | D:2      | Reached skill level 1 in Short Blades
  1072 | D:2      | Reached XP level 3. HP: 16/28 MP: 0/6
  1131 | D:2      | Learned a level 3 spell: Vampiric Draining
  1201 | D:2      | Reached XP level 4. HP: 20/35 MP: 1/7
  1567 | D:2      | Noticed Robin
  1581 | D:2      | Killed Robin
  2272 | D:2      | Reached XP level 5. HP: 28/41 MP: 3/9
  2354 | D:2      | Learned a level 3 spell: Regeneration
  2673 | D:3      | Found a shattered altar of Ashenzari.
  2782 | D:3      | namelastname112: сука
  2782 | D:3      | namelastname112: сынок сони блять
  3065 | D:3      | Found a shadowy altar of Dithmenos.
  3066 | D:3      | Found a snail-covered altar of Cheibriados.
  3068 | D:3      | Found a hide-covered altar of Uskayaw.
  3070 | D:3      | Found a glowing silver altar of Zin.
  3070 | D:3      | Found a glowing golden altar of the Shining One.
  3469 | D:4      | Found a bloodstained altar of Trog.
  3477 | D:4      | Reached skill level 5 in Necromancy
  3494 | D:4      | Noticed an ogre
  3510 | D:4      | Killed an ogre
  3510 | D:4      | Reached XP level 6. HP: 13/49 MP: 0/10
  4254 | D:5      | Entered Level 5 of the Dungeon
  4258 | D:5      | Noticed Edmund
  4262 | D:5      | Found a sand-covered staircase.
  4270 | Ossuary  | Entered an ossuary
  4319 | Ossuary  | namelastname112: мммм
  4319 | Ossuary  | namelastname112: пизда
  4371 | Ossuary  | namelastname112: втф
  4371 | Ossuary  | namelastname112: БОГ МУММИ
  4409 | Ossuary  | Your scales start taking on a fiery red colour.
  4409 | Ossuary  | Reached XP level 7. HP: 26/56 MP: 11/11
  4409 | Ossuary  | Gained mutation: Your flesh is heat resistant. (rF+) [Red Draconian growth]
  4446 | Ossuary  | Reached skill level 6 in Necromancy
  4553 | Ossuary  | crauler: кобольд с кураре и дистортом был?
  4557 | Ossuary  | namelastname112: просто с кураре
  4782 | Ossuary  | crauler: новый вариант оссуари
  4790 | Ossuary  | crauler: это хорошо
  4802 | Ossuary  | namelastname112: старый
  4828 | Ossuary  | crauler: хм
  4926 | Ossuary  | crauler: ни разу с водой не видел чет
  5071 | Ossuary  | xeno23: пфф
  5106 | Ossuary  | namelastname112: его занерфили
  5106 | Ossuary  | xeno23: сдался на ТеНе
  5229 | Ossuary  | xeno23: эх ты
  5298 | Ossuary  | namelastname112: потом
  5298 | Ossuary  | namelastname112: если на этом помру может
  5566 | D:5      | Killed Edmund
  5566 | D:5      | Reached XP level 8. HP: 52/66 MP: 3/13
  5701 | D:5      | Found Raer's Jewellery Boutique.
  5922 | D:5      | crauler: прямо гайд как пройти сложным бэком за дракона
  5955 | D:5      | crauler: ждем красного
  6035 | D:5      | crauler: тянем на дыхании начало
  6046 | D:5      | crauler: переучиваемся
  6049 | D:5      | crauler: профит
  6054 | D:5      | Reached skill level 5 in Short Blades
  6054 | D:5      | Reached skill level 7 in Necromancy
  6189 | D:5      | Found an oddly glowing altar of Pakellas.
  6190 | D:5      | Noticed a manticore
  6193 | D:5      | Killed a manticore
  6232 | D:5      | namelastname112: ну
  6232 | D:5      | namelastname112: вообще любого можно
  6232 | D:5      | namelastname112: черный, красный
  6232 | D:5      | namelastname112: цвет тянет вообще
  6601 | D:6      | Found a stormy altar of Qazlal.
  6604 | D:6      | crauler: черный хорош но он несколько рандомный, его дыхание лучше когда не одна цель
  7164 | D:6      | Reached XP level 9. HP: 57/72 MP: 6/15
  8167 | D:7      | Reached skill level 8 in Necromancy
  8280 | D:7      | Found a staircase to the Ecumenical Temple.
  8296 | Temple   | Entered the Ecumenical Temple
  8396 | Temple   | Became a worshipper of Kikubaaqudgha
  8476 | D:7      | crauler: хехе
  8555 | D:7      | crauler: три бога мертвых
  8565 | D:7      | Found a sacrificial altar of Ru.
  8568 | D:7      | Reached skill level 5 in Fighting
  8579 | Temple   | crauler: хепл юра кику
  8724 | D:7      | Learned a level 4 spell: Animate Dead
  8778 | D:8      | Noticed Zebura's ghost (novice DsAs)
  8809 | D:8      | Noticed Pikel
  8852 | D:7      | epen: вэри резистан ту файр
  8958 | D:8      | Killed an unseen horror
  8958 | D:8      | Reached skill level 5 in Dodging
  8958 | D:8      | Reached skill level 5 in Spellcasting
  9124 | D:8      | Found Monosuci's Jewellery Shop.
  9130 | D:8      | epen: анус
  9133 | D:8      | crauler: неплохо
  9229 | D:8      | epen: а чё кольцо ануса не $?
  9251 | D:8      | crauler: хотя с красным больше пригодился бы рЦ++
  9252 | D:8      | epen: рф++ всегда годно
  9828 | D:9      | Found Risupnem's Weapon Shoppe.
  9828 | D:9      | Found a staircase to the Orcish Mines.
  9845 | D:9      | Reached XP level 10. HP: 81/81 MP: 17/17
  9859 | D:9      | Reached skill level 9 in Necromancy
  9910 | D:9      | Found Dyshroptu's Armour Shoppe.
  9926 | D:9      | Identified Ozukuonn's Papyrus of the Volcanoes and Toxins
 10311 | D:10     | Entered Level 10 of the Dungeon
 10327 | D:10     | Reached * piety under Kikubaaqudgha
 10327 | D:10     | Received a gift from Kikubaaqudgha
 10330 | D:10     | Identified Kikubaaqudgha's Almanac of Sinister Magic (Kikubaaqudgha gifted it to you on level 10 of the Dungeon)
 10337 | D:10     | Learned a level 2 spell: Sublimation of Blood
 10961 | D:10     | Noticed a hill giant
 11021 | D:10     | Killed a hill giant
 11089 | D:10     | Identified a scroll of acquirement
 11090 | D:10     | Got a translucent rapier
 11091 | D:10     | Identified the +4 rapier "Tosticisy" {pierce, Int+2 Stlth+} (You acquired it on level 10 of the Dungeon)
 11161 | D:11     | Reached skill level 10 in Necromancy
 11227 | D:11     | Noticed a hill giant
 11239 | D:11     | Killed a hill giant
 11277 | D:11     | Noticed a cyclops
 11293 | D:11     | Killed a cyclops
 11294 | D:11     | Noticed a seven-headed hydra
 11310 | D:11     | Killed a seven-headed hydra
 11310 | D:11     | Reached XP level 11. HP: 49/91 MP: 5/20
 11370 | D:11     | Found a staircase to the Lair.
 11388 | D:11     | Reached ** piety under Kikubaaqudgha
 11748 | D:11     | namelastname112: кб бы
 12102 | D:12     | Noticed a deep elf mage
 12112 | D:12     | Killed a deep elf mage
 12177 | D:12     | Noticed a hill giant
 12189 | D:12     | Killed a hill giant
 12401 | D:12     | Gained mutation: You have a pair of small horns on your head. [potion of mutation]
 12401 | D:12     | Gained mutation: You are clumsy. (Dex -2) [potion of mutation]
 12401 | D:12     | Gained mutation: You are weak. (Str -2) [potion of mutation]
 12402 | D:12     | Lost mutation: You are weak. (Str -2) [potion of mutation]
 12402 | D:12     | Gained mutation: You are resistant to hostile enchantments. (MR+) [potion of mutation]
 12402 | D:12     | Gained mutation: Scrolls take you a little longer to read. [potion of mutation]
 12403 | D:12     | Lost mutation: Scrolls take you a little longer to read. [potion of cure mutation]
 12403 | D:12     | Lost mutation: You have a pair of small horns on your head. [potion of cure mutation]
 12403 | D:12     | Lost mutation: You are resistant to hostile enchantments. (MR+) [potion of cure mutation]
 12403 | D:12     | Lost mutation: You are clumsy. (Dex -2) [potion of cure mutation]
 12404 | D:12     | Gained mutation: Your mind is acute. (Int +2) [potion of beneficial mutation]
 12437 | D:12     | Noticed a seven-headed hydra
 12444 | D:12     | Killed a seven-headed hydra
 12578 | D:12     | Found a bloodstained altar of Trog.
 12658 | D:13     | Mangled by a large slime creature

Vault maps used:
D:1:      mrwooster_arrival_statue
D:2:      nicolae_gozag_seed_capital, uniq_robin
D:3:      overflow_temple_1_default, grunt_temple_overflow_open, first_bread
D:4:      lemuel_crystal_altar
D:5:      serial_shops, nicolae_shop_temple_entry_statues_fountains,
          gup_ossuary_entry_pyramid, serial_park_tiny_2, grunt_decor_cap,
          grunt_ministairs_15, gammafunk_pakellas_spire_experiment, uniq_edmund
D:6:      nicolae_overflow_crystal_walls
D:7:      kennysheep_little_box
D:8:      serial_shops, shop, patterned_corridor, uniq_pikel
D:9:      orc_david_3
D:11:     dpeg_lair_monsters
D:12:     basic_altar
D:13:     hangedman_fish_farm, minmay_misc_feat_four_crosses
Temple:   dpeg_five_rooms_temple_12
Ossuary:  ossuary_zaba_flooded

Skill      XL: |  1  2  3  4  5  6  7  8  9 10 11 |
---------------+----------------------------------+-----
Fighting       | 1 2 3 4 5 6 7 |  7.5
Short Blades   | 1 2 3 4 5 7 8 9 |  9.7
Dodging        | 2 3 4 5 6 |  6.9
Necromancy     | 5 6 7 8 10 | 10.9
Spellcasting   | 3 4 5 6 |  6.6
Stealth        | |  1.7

Action                   |  1- 3 |  4- 6 |  7- 9 | 10-12 || total
-------------------------+-------+-------+-------+-------++-------
Melee: Unarmed           |     3 |    26 |    15 |       ||    44
       Short sword       |    26 |   177 |       |       ||   203
       Tailslap          |     1 |    33 |    62 |    73 ||   169
       Dagger            |       |    63 |   496 |   263 ||   822
       Rapier            |       |       |       |   169 ||   169
 Cast: Pain              |    31 |    50 |    73 |    11 ||   165
       Animate Skeleton  |     2 |    18 |    18 |    22 ||    60
       Vampiric Draining |     2 |    17 |    30 |    29 ||    78
       Regeneration      |       |       |     5 |     6 ||    11
       Animate Dead      |       |       |       |     8 ||     8
       Sublimation of Bl |       |       |       |     5 ||     5
 Abil: Breathe Fire      |       |       |    18 |     5 ||    23
  Use: Potion            |       |     6 |     1 |     4 ||    11
       Scroll            |       |     1 |    20 |     6 ||    27
 Stab: Sleeping          |       |     2 |     3 |     7 ||    12
       Distracted        |       |       |     1 |     2 ||     3
  Eat: Chunk             |       |    14 |     7 |    14 ||    35
       Meat ration       |       |       |     3 |       ||     3
       Fruit             |       |       |     1 |       ||     1
       Royal jelly       |       |       |     1 |       ||     1
Armor: Skin              |     7 |   117 |   130 |   103 ||   357
Dodge: Dodged            |    20 |   196 |   259 |   298 ||   773
